 Dungeon Crawl Stone Soup version 0.28-a0-1638-g9123634e07 (webtiles) character file.

Game seed: 6034169500275768188

36 Clumpoid the Poker (level 3, -1/31 HPs)
             Began as a Ghoul Fighter on Jan 25, 2022.
             Slain by Terence (8 damage)
             ... on level 2 of the Dungeon.
             The game lasted 00:00:53 (1125 turns).

Clumpoid the Poker (Ghoul Fighter)                  Turns: 1125, Time: 00:00:54

Health: -1/31      AC:  6    Str: 21    XL:     3   Next: 37%
Magic:  2/2        EV:  9    Int:  3    God:
Gold:   74         SH:  4    Dex:  8    Spells: 2/2 levels left

rFire   . . .      SeeInvis .   a - +0 trident
rCold   + . .      Faith    .   c - +0 buckler
rNeg    + + +      Spirit   .   b - +0 scale mail
rPois   ∞          Reflect  .   (no helmet)
rElec   .          Harm     .   (no cloak)
rCorr   .          Rampage  .   (no gloves)
Will    .....                   (no boots)
Stlth   ..........              (no amulet)
HPRegen 0.00/turn               (no ring)
MPRegen 0.08/turn               (no ring)

@: mighty, flying, inhibited regen
A: claws 1, cold resistance 1, negative energy resistance 3, inhibited
regeneration, torment resistance 2
a: no special abilities


You were on level 2 of the Dungeon.
You visited 1 branch of the dungeon, and saw 2 of its levels.

You collected 74 gold pieces.

Inventory:

Hand Weapons
 a - a +0 trident (weapon)
Armour
 b - a +0 scale mail (worn)
 c - a +0 buckler (worn)
Scrolls
 f - 2 scrolls of teleportation
 g - a scroll of immolation {unknown}


   Skills:
 - Level 3.2 Fighting
 * Level 3.3 Polearms
 - Level 2.6 Armour
 - Level 2.6 Shields


You had 2 spell levels left.
You didn't know any spells.
Your spell library contained the following spells:

 Spells                   Type           Power      Damage    Failure   Level
 Shock                    Conj/Air       0%         1d3       92%         1
 Static Discharge         Conj/Air       0%         N/A       98%         2
 Summon Guardian Golem    Hex/Summ       0%         N/A       100%        3
 Swiftness                Air            0%         N/A       100%        3
 Airstrike                Air            0%         N/A       100%        4
 Lightning Bolt           Conj/Air       0%         1d11      100%        5
 Orb of Destruction       Conj           0%         9d5       100%        7
 Spellforged Servitor     Conj/Summ      0%         N/A       100%        7
 Maxwell's Capacitive Co  Air            0%         ∞         100%        8


Dungeon Overview and Level Annotations

Branches:
Dungeon (2/15)

Altars:

Annotations:
D:2 Terence


Innate Abilities, Weirdness & Mutations

You thrive by killing the living.
You are immune to poison.
You have sharp fingernails.
Your flesh is cold resistant. (rC+)
You are immune to negative energy. (rN+++)
You do not regenerate when monsters are visible.
You are immune to unholy pain and torment.


Message History

A bat is nearby!
A bat is nearby!
You puncture the bat!
You kill the bat!
No target in view!
No target in view!
No target in view!
Terence the Incautious comes into view.
He is wielding a +1 flail of draining and wearing a +4 scale mail of fire resistance.
Found 8 arrows.
Terence shouts!
Terence is nearby!
Terence is nearby!
You reach to attack!
You hit Terence.
Terence is lightly wounded.
Terence is nearby!
Terence is nearby!
You hit Terence but do no damage.
Terence is lightly wounded.
Terence barely misses you.
You hit Terence but do no damage.
Terence is lightly wounded.
Terence hits you with a +1 flail of draining!
Terence is nearby!
You barely miss Terence.
Terence is lightly wounded.
Terence shouts, "ATTACK!!!"
Terence hits you with a +1 flail of draining.
You puncture Terence!
Terence is heavily wounded.
Terence hits you with a +1 flail of draining!
* * * LOW HITPOINT WARNING * * *
You closely miss Terence.
Terence is heavily wounded.
Terence barely misses you. You block Terence's attack.
It was a potion of flight.
You feel very buoyant.
You fly up into the air.
Terence barely misses you.
You feel very mighty all of a sudden.
Terence hits you with a +1 flail of draining!
You die...

.............#
##.#####..#.##.#
...####.....#.#
.#..........#.####
(..####...........
#.# #.......####
#.# #...<...# #@#
###...#.# #@#
#...#.####
#.########........
#.............####
###############


You could see Terence.

Vanquished Creatures
  2 dart slugs (D:1)
  2 bats
  4 endoplasms
  3 goblins (D:1)
  5 hobgoblins (D:1)
  A quokka (D:1)
  3 ball pythons
  A frilled lizard (D:2)
  4 kobolds
  4 rats
29 creatures vanquished.

Notes
Turn   | Place    | Note
-------+----------+-------------------------------------------
     0 | D:1      | Clumpoid the Ghoul Fighter began the quest for the Orb.
     0 | D:1      | Reached XP level 1. HP: 19/19 MP: 0/0
   156 | D:1      | Reached XP level 2. HP: 26/26 MP: 1/1
   561 | D:1      | Reached XP level 3. HP: 27/31 MP: 2/2
  1115 | D:2      | Noticed Terence
  1125 | D:2      | Slain by Terence

Illustrated notes

Levels and vault maps discovered:
D:1:      dpeg_arrival_morbid_curiosity, layout_basic
D:2:      layout_loops_ring, uniq_terence, uniq_crazy_yiuf_cottage

Skill      XL: |  1  2 |
---------------+-------+-----
Polearms       | 2 3 |  3.3
Fighting       | |  3.2
Armour         | |  2.6
Shields        | |  2.6

Action                   || total
-------------------------++-------
Melee: Trident           ||    75
  Use: Potion            ||     3
       Scroll            ||     1
Armor: Scale mail        ||    22
Dodge: Dodged            ||    13
Block: Buckler           ||     6

Table legend: (Time is in decaauts)
 A = Elapsed time spent in this place.
 B = Non-inter-level travel time spent in this place.
 C = Inter-level travel time spent in this place.
 D = Time resting spent in this place.
 E = Time spent auto-exploring this place.
 F = Levels seen in this place.
 G = Mean time per level.
                   A        B        C        D        E       F      G
               +--------+--------+--------+--------+--------+-----+--------+
         Total |   1141 |   1110 |     31 |      0 |    914 |   2 |  570.5 |
       Dungeon |   1141 |   1110 |     31 |      0 |    914 |   2 |  570.5 |
               +--------+--------+--------+--------+--------+-----+--------+

Top non-repeatable levels by time:
     D:1: 873 daAuts
     D:2: 268 daAuts
